 Dungeon Crawl Stone Soup version 0.21-a0-496-g696f58f537 (webtiles) character file.

87 Infinimo the Poker (level 4, -1/35 HPs)
             Began as a Demonspawn Fighter on Nov 23, 2017.
             Killed by divine providence
             ... invoked by an orc priest
              (12 damage)
             ... on level 3 of the Dungeon.
             The game lasted 00:03:10 (2395 turns).

Infinimo the Poker (Demonspawn Fighter)             Turns: 2395, Time: 00:03:10

Health: -1/35      AC:  6    Str: 15 (17) XL:     4   Next: 28%
Magic:  4/4        EV:  6    Int:  7 (10) God:
Gold:   125        SH:  8    Dex: 11 (12) Spells: 3/3 levels left

rFire    + . .     SeeInvis .   e - +0 whip (curse)
rCold    . . .     Gourm    .   c - +0 shield
rNeg     . . .     Faith    .   b - +0 scale mail
rPois    .         Spirit   .   (no helmet)
rElec    .         Reflect  .   (no cloak)
rCorr    .         Harm     .   (no gloves)
MR       .....                  (no boots)
Stlth    ..........             (no amulet)
HPRegen  0.11/turn              (no ring)
MPRegen  0.09/turn              (no ring)

@: no status effects
A: fire resistance 1
a: no special abilities


You were on level 3 of the Dungeon.
You were not hungry.

You visited 1 branch of the dungeon, and saw 3 of its levels.

You collected 125 gold pieces.

Inventory:

Hand Weapons
 a - a +0 trident
 e - a cursed +0 whip (weapon)
Armour
 b - a +0 scale mail (worn)
 c - a +0 shield (worn)
Jewellery
 i - an uncursed ring of see invisible {unknown}
 j - an uncursed ring of ice {unknown}
Scrolls
 g - a scroll of identify
 h - 2 scrolls of amnesia
Potions
 d - a potion of might
 l - 2 potions of heal wounds {unknown}
Comestibles
 f - 2 bread rations
 k - a royal jelly


   Skills:
 - Level 3.0 Fighting
 + Level 4.2 Polearms
 - Level 2.6 Armour
 - Level 2.6 Shields


You had 3 spell levels left.
You didn't know any spells.

Dungeon Overview and Level Annotations

Branches:
Dungeon (3/15)

Altars:
Ashenzari
Cheibriados
Fedhas
Qazlal


Innate Abilities, Weirdness & Mutations

Your flesh is heat resistant. (rF+)


Message History

The orc priest is heavily wounded.
The orc priest calls down the wrath of Beogh upon you.
You barely resist.
The orc priest is severely wounded.
The orc priest begins to cast a cantrip, but forgets the words!
The orc priest is severely wounded.
The orc priest is severely wounded.
The orc priest calls down the wrath of Beogh upon you.
Pain shoots through your body! You block the orc priest's attack.
Your shield and scale mail prevent you from hitting the orc priest.
The orc priest is severely wounded.
The orc priest invokes the aid of Beogh against you.
Beogh smites you!
You are too injured to fight recklessly!
You are too injured to fight recklessly!
You are too injured to fight recklessly!
You are too injured to fight recklessly!
The orc priest invokes the aid of Beogh against you.
Beogh smites you!
You die...

..##.###.... .
........#.
##......###.
#.......)..
#....$....
#######o........
.......o...####.
#######.#### #@#
#.# #######.#
#.......#
#.###...#
#.###.#.#
#.....#.#
#######.#######
#....#.....#


You could see an orc priest and an orc.

Vanquished Creatures
  3 adders (D:2)
  An ooze (D:1)
  3 dart slugs
  2 orcs (D:2)
  3 giant cockroaches
  9 goblins
  6 hobgoblins
  2 jackals (D:2)
  A quokka (D:2)
  2 bats
  5 frilled lizards
  8 kobolds
  A rat (D:1)
46 creatures vanquished.

Notes
Turn   | Place    | Note
-------+----------+-------------------------------------------
     0 | D:1      | Infinimo the Demonspawn Fighter began the quest for the Orb.
     0 | D:1      | Reached XP level 1. HP: 18/18 MP: 1/1
    43 | D:1      | Reached skill level 2 in Polearms
    83 | D:1      | Gained mutation: Your flesh is heat resistant. (rF+) [demonic ancestry]
    83 | D:1      | Reached XP level 2. HP: 24/24 MP: 2/2
   282 | D:1      | Reached skill level 3 in Polearms
   374 | D:1      | Reached XP level 3. HP: 28/29 MP: 3/3
   884 | D:2      | Found a shattered altar of Ashenzari.
  1266 | D:2      | Found a snail-covered altar of Cheibriados.
  1337 | D:2      | Found a blossoming altar of Fedhas.
  1343 | D:2      | Found a stormy altar of Qazlal.
  1381 | D:2      | Reached skill level 4 in Polearms
  1381 | D:2      | Reached XP level 4. HP: 7/35 MP: 4/4
  2395 | D:3      | Killed from afar by an orc priest

Vault maps used:
D:1:      dpeg_arrival_oval, serial_forest, infiniplex_forest_lined_corner,
          infiniplex_forest_end_2, infiniplex_forest_lined_room_3,
          infiniplex_forest_lined_room_, infiniplex_forest_lined_room_2,
          infiniplex_forest_clump_small, infiniplex_forest_lined_2,
          infiniplex_forest_straight_4, infiniplex_forest_end_1,
          infiniplex_forest_clump_double, minmay_close_crescents
D:2:      grunt_temple_overflow_forces_of_nature, ashenzari_conservatory_becter,
          kennysheep_slug_shrine
D:3:      lemuel_crystal_altar, grunt_ministairs_9

Skill      XL: |  1  2  3 |
---------------+----------+-----
Polearms       | 2 3 4 |  4.2
Fighting       | |  3.0
Armour         | |  2.6
Shields        | |  2.6

Action                   |  1- 3 |  4- 6 || total
-------------------------+-------+-------++-------
Melee: Trident           |    15 |       ||    15
       Whip              |   156 |    49 ||   205
  Use: Scroll            |     2 |       ||     2
       Potion            |     1 |       ||     1
  Eat: Chunk             |     2 |     3 ||     5
Armor: Scale mail        |    82 |    17 ||    99
Dodge: Dodged            |    40 |     7 ||    47
Block: Shield            |    90 |    21 ||   111

Table legend:
 A = Spawn XP
 B = Non-spawn XP
 C = Spawn XP percentage of total XP
 D = Spawn monster count
 E = Non-spawn monster count
 F = Spawn count percentage of total count
 G = Total turns spent on level
                    A         B        C        D         E        F      G
               +---------+---------+-------+---------+---------+-------+---------
         Total |       0 |     125 |   0.0 |       0 |      46 |   0.0 |  2395
               +---------+---------+-------+---------+---------+-------+---------
           D:1 |       0 |      56 |   0.0 |       0 |      29 |   0.0 |   827
           D:2 |       0 |      66 |   0.0 |       0 |      15 |   0.0 |  1479
           D:3 |       0 |       3 |   0.0 |       0 |       2 |   0.0 |    89
               +---------+---------+-------+---------+---------+-------+---------
